 Dungeon Crawl Stone Soup version 0.28-a0-577-gb193047a1f (webtiles) character file.

Game seed: 14682144434484185959

67 demibob the Poker (level 4, -4/33 HPs)
             Began as a Merfolk Gladiator on Oct 2, 2021.
             Killed from afar by an orc wizard (9 damage)
             ... with a magic dart
             ... on level 3 of the Dungeon.
             The game lasted 00:02:06 (2008 turns).

demibob the Poker (Merfolk Gladiator)               Turns: 2008, Time: 00:02:08

Health: -4/33      AC:  4    Str: 14    XL:     4   Next: 18%
Magic:  4/4        EV: 14    Int:  7    God:
Gold:   113        SH:  0    Dex: 16    Spells: 3/3 levels left

rFire   + . .      SeeInvis .   a - +0 trident
rCold   + . .      Faith    .   (no shield)
rNeg    . . .      Spirit   .   b - +0 leather armour
rPois   +          Reflect  .   c - +0 helmet
rElec   +          Harm     .   (no cloak)
rCorr   +          Rampage  .   (no gloves)
Will    .....                   (no boots)
Stlth   +.........              (no amulet)
HPRegen 0.11/turn               (no ring)
MPRegen 0.09/turn               (no ring)

@: confused, lethally poisoned (-4 -> -10), resistant
A: (nimble swimmer 2), mertail
a: no special abilities


You were on level 3 of the Dungeon.
You visited 1 branch of the dungeon, and saw 3 of its levels.

You collected 113 gold pieces.


Innate Abilities, Weirdness & Mutations

((You are quick and stealthy near water. (Stealth+, EV+, Speed+++)))
Your lower body shifts to a powerful aquatic tail in water.


   Skills:
 - Level 2.1 Fighting
 + Level 5.9 Polearms
 - Level 2.0 Throwing
 + Level 5.4 Dodging


You had 3 spell levels left.
You didn't know any spells.
Your spell library contained the following spells:

 Spells                   Type           Power      Damage    Failure   Level
 Gell's Gravitas          Tloc           0%         N/A       87%         3
 Teleport Other           Tloc           0%         N/A       87%         3
 Dispersal                Tloc           0%         N/A       100%        6

Inventory:

Hand Weapons
 a - a +0 trident (weapon)
Missiles
 d - 3 throwing nets (quivered) {=f}
Armour
 b - a +0 leather armour (worn)
 c - a +0 helmet (worn)
Magical Staves
 i - a staff of death {!a}
Scrolls
 f - a scroll of immolation {unknown}
 h - a scroll of teleportation {unknown}
Potions
 e - a potion of magic

Dungeon Overview and Level Annotations

Branches:
Dungeon (3/15)

Altars:

Annotations:
D:2 exclusion: necrophage

#.#+### ... #...^.#
... #.....#
..##.....#
#.##.....#
#.##.....#
####.[#.#'### ###
#.......#...# ...#
#.......#.#@# ....#
#.........#{##.....#
#......##.#o.'o(...+
#####..##.####o....#
##.##.# ....# ######
#..#.# #### #..(.#
##.#.# #....# #...#
#....#####..#


You could see an orc.


Message History

It was a potion of resistance.
You feel protected.
You feel very sick.
You hear some strange, mumbled words.
You are confused.
You're too confused to attack without stumbling around!
You bump into the rock wall.
You feel very sick.
You hear some strange, mumbled words.
You are more confused.
You miss something.
* * * LOW HITPOINT WARNING * * *
You feel very sick. Something hits you but does no damage.
You miss something.
* * * LOW HITPOINT WARNING * * *
You feel very sick. Something hits you.
* * * LOW HITPOINT WARNING * * *
You bump into the rock wall.
* * * LOW HITPOINT WARNING * * *
You feel sick. Something hits you.
* * * LOW HITPOINT WARNING * * *
You completely miss something.
* * * LOW HITPOINT WARNING * * *
You feel sick.
You hear some strange, mumbled words.
A magic dart appears from out of thin air!
The magic dart hits you!
You die...

Skill      XL: |  1  2  3 |
---------------+----------+-----
Polearms       | 5 |  5.9
Dodging        | 5 |  5.4
Fighting       | |  2.1
Throwing       | |  2.0

Action                   |  1- 3 |  4- 6 || total
-------------------------+-------+-------++-------
Melee: Trident           |   110 |    27 ||   137
  Use: Scroll            |     2 |       ||     2
       Potion            |       |     1 ||     1
 Stab: Sleeping          |     4 |       ||     4
Armor: Leather armour    |    21 |     6 ||    27
Dodge: Dodged            |    64 |     9 ||    73

Levels and vault maps discovered:
D:1:      eino_arrival_cavern_a, layout_basic, hangedman_glass_teeth
D:2:      layout_loops_ring, serial_park_tiny_2, st_stairs_5
D:3:      minmay_chambers_of_twos, layout_basic, uniq_grinder

Notes
Turn   | Place    | Note
-------+----------+-------------------------------------------
     0 | D:1      | demibob the Merfolk Gladiator began the quest for the Orb.
     0 | D:1      | Reached XP level 1. HP: 16/16 MP: 1/1
   441 | D:1      | Reached XP level 2. HP: 22/22 MP: 2/2
   557 | D:1      | Reached skill level 5 in Polearms
  1102 | D:2      | Reached XP level 3. HP: 22/27 MP: 3/3
  1112 | D:2      | Reached skill level 5 in Dodging
  1397 | D:2      | Noticed a necrophage
  1625 | D:2      | Reached XP level 4. HP: 33/33 MP: 4/4
  2003 | D:3      | Identified a potion of resistance
  2008 | D:3      | Killed from afar by an orc wizard

Vanquished Creatures
  2 adders (D:2)
  A dart slug (D:1)
  An orc (D:3)
  6 endoplasms
  2 giant cockroaches (D:1)
  3 hobgoblins
  7 jackals
  2 kobolds (D:1)
  4 quokkas
  5 ball pythons
  2 bats
  3 frilled lizards
  A goblin (D:1)
  A quokka skeleton (D:2)
  3 rats
43 creatures vanquished.

Table legend: (Time is in decaauts)
 A = Elapsed time spent in this place.
 B = Non-inter-level travel time spent in this place.
 C = Inter-level travel time spent in this place.
 D = Time resting spent in this place.
 E = Time spent auto-exploring this place.
 F = Levels seen in this place.
 G = Mean time per level.
                   A        B        C        D        E       F      G
               +--------+--------+--------+--------+--------+-----+--------+
         Total |   2013 |   1992 |     21 |    133 |   1575 |   3 |  671.0 |
       Dungeon |   2013 |   1992 |     21 |    133 |   1575 |   3 |  671.0 |
               +--------+--------+--------+--------+--------+-----+--------+

Top non-repeatable levels by time:
     D:1: 1077 daAuts
     D:2: 788 daAuts
     D:3: 147 daAuts

Table legend:
 A = Non-vault XP
 B = Vault XP
 C = Vault XP percentage of total XP
 D = Non-vault monster count
 E = Vault monster count
 F = Vault count percentage of total count
                 A         B        C        D         E       F
            +---------+---------+-------+---------+---------+-------
      Total |      91 |       6 |   6.2 |      40 |       3 |   7.0
            +---------+---------+-------+---------+---------+-------
        D:1 |      31 |       0 |   0.0 |      18 |       0 |   0.0
        D:2 |      52 |       6 |  10.3 |      18 |       3 |  14.3
        D:3 |       8 |       0 |   0.0 |       4 |       0 |   0.0
            +---------+---------+-------+---------+---------+-------
